 Dungeon Crawl Stone Soup version bcrawl-1.41.1 (webtiles) character file.

Game seed: 8879911125331663483

97967 Jinxx the Ogre Mage (level 3, -3/33 HPs)
             Began as an Ogre Wizard on Apr 24, 2024.
             Slain by a worker ant (6 damage)
             ... on level 2 of the Dungeon.
             The game lasted 00:05:51 (997 turns).

Jinxx the Ogre Mage (Ogre Wizard)                    Turns: 997, Time: 00:05:52

Health: -3/33      AC:  3    Str: 11    XL:     3   Next: 0%
Magic:  1/8        EV:  9    Int: 20    God:
Gold:   103        SH:  0    Dex:  7    Spells: 8/9 levels left

rFire    . . .     GDR:     18% a - +0 staff
rCold    . . .     SeeInvis .   (no shield)
rNeg     . . .     Gourm    .   b - +0 robe
rPois    .         Faith    .   c - +0 hat
rElec    +         Spirit   .   (no cloak)
rCorr    .         Reflect  .   (gloves unavailable)
MR       .....                  (boots unavailable)
Stlth    ..........             (no amulet)
HPRegen  0.15/turn              h - ring "Rizikumo" {rElec Stlth--}
MPRegen  0.11/turn              (no ring)

@: very slightly contaminated
A: large, unfitting armour, tough skin 1
a: no special abilities


You were on level 2 of the Dungeon.
You were not hungry.

You visited 1 branch of the dungeon, and saw 2 of its levels.

You collected 103 gold pieces.

Inventory:

Hand Weapons
 a - a +0 staff (weapon)
Missiles
 d - 40 javelins (quivered)
 k - 146 bolts
 m - a throwing net {=f}
Armour
 b - a +0 robe (worn)
 c - a +0 hat (worn)
Jewellery
 h - the ring "Rizikumo" (left hand) {rElec Stlth--}
   (You found it on level 1 of the Dungeon)

   [ring of attention]

   It insulates you from electricity.
   It makes you much less stealthy.
Scrolls
 i - a scroll of identify
 j - 3 scrolls of enchant armour {unknown}
 n - a scroll of fear {unknown}
 o - 3 scrolls of fog {unknown}
Potions
 f - 3 potions of brilliance
 g - a potion of mutation {unknown}
 q - a potion of haste {unknown}
Comestibles
 e - 3 rations {!d}
 p - 2 chunks of flesh


   Skills:
 * Level 1.1 Fighting
 + Level 0.5 Throwing
 + Level 0.3 Armour
 + Level 2.1 Dodging
 - Level 1.5 Stealth
 * Level 3.9 Spellcasting
 * Level 1.3 Conjurations
   Level 0.8 Summonings
   Level 0.8 Translocations


You had 8 spell levels left.
You knew the following spells:

 Your Spells              Type           Power        Failure   Level  Hunger
a - Magic Dart            Conj           #...         8%          1    None

Your spell library contained the following spells:

 Spells                   Type           Power        Failure   Level  Hunger
 Blink                    Tloc           N/A          14%         2    None
 Call Imp                 Summ           #.....       14%         2    None
 Conjure Flame            Conj/Fire      #.......     30%         3    ###....
 Mephitic Cloud           Conj/Pois/Air  #.......     32%         3    ###....
 Spider Form              Tmut/Pois      #..          36%         3    ###....


Dungeon Overview and Level Annotations

Branches:
Dungeon (2/12)

Altars:


Innate Abilities, Weirdness & Mutations

You are too large for most types of armour.
You have tough skin. (AC +1)


Message History

Press: ? - help, Shift-Dir - straight line, f/p - worker ant
Aim: a worker ant (lightly wounded)
You throw a javelin.
The javelin closely misses the worker ant.
The javelin hits the hound!
The hound is heavily wounded.
The worker ant bites you.
* * * LOW HITPOINT WARNING * * *
A worm comes into view.
Unknown command.
Throwing (i - inventory. (/) - cycle)
d - 41 javelins (quivered)
Press: ? - help, Shift-Dir - straight line, f/p - worker ant
Aim: a worker ant (lightly wounded)
You throw a javelin.
The javelin closely misses the worker ant.
The javelin misses the hound.
The worker ant bites you.
* * * LOW HITPOINT WARNING * * *
A frilled lizard comes into view.
The worker ant bites you.
You die...

. #.. ........$......# .
#.# .......lw†....#
.#####.###............#
.#............#....#.##
.............##....#.#
......)......#.......#
#........##.##.#h...##
#........##.#..#a#..#
#...........#.##@#..# ..
..........###.##.#..#.##
........................
#................)......
#.........#...##.#..†.##
...#.....####.#.....###
####....## ........#
........# #.##.......
###...... #. .....##...


You could see a worm, a hound, a worker ant and a frilled lizard (wandering).

Vanquished Creatures
  A giant cockroach (D:2)
  2 goblins (D:1)
  6 hobgoblins
  2 jackals (D:2)
  A kobold (D:1)
  5 bats (D:1)
  3 frilled lizards
  2 rats (D:1)
22 creatures vanquished.

Notes
Turn   | Place    | Note
-------+----------+-------------------------------------------
     0 | D:1      | Jinxx the Ogre Wizard began the quest for the Orb.
     0 | D:1      | Reached XP level 1. HP: 16/16 MP: 5/5
    64 | D:1      | Got a faintly glowing lead ring
    65 | D:1      | Identified the ring "Rizikumo" {rElec Stlth--} (You found
                  | it on level 1 of the Dungeon)
   163 | D:1      | Reached skill level 1 in Conjurations
   308 | D:1      | Reached XP level 2. HP: 26/26 MP: 6/6
   887 | D:2      | Reached skill level 1 in Fighting
   994 | D:2      | Reached XP level 3. HP: 13/33 MP: 1/8
   997 | D:2      | Slain by a worker ant

Skill      XL: |  1  2 |
---------------+-------+-----
Conjurations   | 1 |  1.3
Dodging        | 2 |  2.1
Fighting       | 1 |  1.1
Throwing       | |  0.5
Armour         | |  0.3
Stealth        | |  1.5
Spellcasting   | |  3.9
Summonings     | |  0.8
Translocations | |  0.8

Action                   || total
-------------------------++-------
Melee: Staff             ||    30
Throw: Javelin           ||    23
 Cast: Magic Dart        ||    15
  Use: Potion            ||     2
  Eat: Chunk             ||     2
Armor: Robe              ||    20
Dodge: Dodged            ||    28
